 Dungeon Crawl Stone Soup version 0.30.1-3-gfc49f6343a (webtiles) character file.

Game seed: 4137426396739529052

91 Anriel the Shooter (level 4, 0/27 HPs)
             Began as a Deep Elf Hunter on Aug 4, 2023.
             Asphyxiated
             ... on level 4 of the Dungeon.
             The game lasted 00:13:10 (2598 turns).

Anriel the Shooter (Deep Elf Hunter)                Turns: 2598, Time: 00:13:11

Health: 0/27       AC:  4    Str:  8    XL:     4   Next: 34%
Magic:  6/6        EV: 13    Int: 14    God:
Gold:   123        SH:  0    Dex: 20    Spells: 3/3 levels left

rFire   . . .        a - +0 shortbow
rCold   . . .        (shield currently unavailable)
rNeg    . . .        c - +0 leather armour
rPois   .            (no helmet)
rElec   .            (no cloak)
rCorr   .            i - +0 pair of gloves
SInv    .            (no boots)
Will    .....        (no amulet)
Stlth   ++           (no ring)
HPRegen 0.24/turn    (no ring)
MPRegen 0.10/turn

%: no passive effects
@: lethally poisoned (0 -> -26), hasted and slowed
A: no striking features
a: no special abilities


You were on level 4 of the Dungeon.
You visited 1 branch of the dungeon, and saw 4 of its levels.

You collected 123 gold pieces.

Inventory:

Hand Weapons
 a - a +0 shortbow (weapon)
Armour
 c - a +0 leather armour (worn)
 g - +0 shadow dragon scales
 i - a +0 pair of gloves (worn)
Scrolls
 b - a scroll of immolation
 e - a scroll of teleportation {unknown}
 h - a scroll of identify


   Skills:
 * Level 2.6 Fighting
 + Level 5.8 Ranged Weapons
 + Level 3.3 Dodging
 + Level 2.7 Stealth


You had 3 spell levels left.
You didn't know any spells.
Your spell library contained the following spells:

 Spells                   Type           Power      Damage    Failure   Level
 Necrotise                Necr           0%         1d4       38%         1
 Vampiric Draining        Necr           0%         2d6       77%         3
 Agony                    Necr           0%         N/A       100%        5


Dungeon Overview and Level Annotations

Branches:
Dungeon (4/15)
 Temple: D:4-7

Altars:


Message History

You shoot an arrow. The arrow hits the adder!
You kill the adder!
A kobold brigand comes into view.
It is wielding a +2 whip of electrocution and quivering curare-tipped darts.
The kobold brigand throws a curare-tipped dart.
The curare-tipped dart hits you.
You are poisoned.
You have difficulty breathing.
You feel yourself slow down.
You see here an adder corpse.
You feel extremely sick.
The kobold brigand throws a curare-tipped dart.
The curare-tipped dart barely misses you.
You feel very sick.
You feel better.
The kobold brigand throws a curare-tipped dart.
The curare-tipped dart completely misses you.
The kobold brigand throws a curare-tipped dart.
The curare-tipped dart hits you.
You are poisoned.
You have difficulty breathing.
You feel as though you will be slow longer.
You feel very sick.
You feel very sick.
You feel very sick.
You feel better.
The kobold brigand throws a curare-tipped dart.
The curare-tipped dart misses you.
You feel yourself speed up.
The kobold brigand throws a curare-tipped dart.
The curare-tipped dart hits you.
You are lethally poisoned!
You have difficulty breathing.
* * * LOW HITPOINT WARNING * * *
You feel as though you will be slow longer.
* * * LOW HITPOINT WARNING * * *
You feel very sick.
The kobold brigand throws a curare-tipped dart.
The curare-tipped dart hits you.
You are more poisoned.
You have difficulty breathing.
You die...

##.......#
#........##
###.........#
#...........#
##..........##
##..........#
##.........##
##.........###.
##....@.......
##..#######..
#..## #K## #.#
##. ##.###....
#.........
#K........
####.........


You could see a kobold brigand.

Vanquished Creatures
  4 adders
  2 dart slugs
  A bat (D:1)
  3 endoplasms
  4 giant cockroaches
  4 goblins
  10 hobgoblins
  2 quokkas (D:1)
  3 ball pythons
  2 frilled lizards (D:1)
  9 kobolds
  3 rats
47 creatures vanquished.

Notes
Turn   | Place    | Note
-------+----------+-------------------------------------------
     0 | D:1      | Anriel the Deep Elf Hunter began the quest for the Orb.
     0 | D:1      | Reached XP level 1. HP: 12/12 MP: 3/3
   276 | D:1      | Reached XP level 2. HP: 17/17 MP: 4/4
   942 | D:2      | Reached XP level 3. HP: 21/21 MP: 5/5
  1841 | D:3      | Reached XP level 4. HP: 25/27 MP: 6/6
  2585 | D:4      | Noticed a kobold brigand
  2598 | D:4      | Asphyxiated

Illustrated notes

Levels and vault maps discovered:
D:1:      lightli_iron_boxes, layout_basic
D:2:      layout_loops_corners
D:3:      layout_loops_ring
D:4:      minmay_spotlight, layout_cave_pods, serial_shops, nicolae_square_shop,
          roderic_three_in_a_row

Skill      XL: |  1  2  3 |
---------------+----------+-----
Fighting       | 2 |  2.6
Stealth        | 2 |  2.7
Dodging        | 3 |  3.3
Ranged Weapons | |  5.8

Action                     |  1- 3 |  4- 6 || total
---------------------------+-------+-------++-------
   Fire: Shortbow          |   108 |    24 ||   132
    Use: Scroll            |     3 |     1 ||     4
         Potion            |       |     3 ||     3
 Armour: Leather armour    |     8 |     1 ||     9
  Dodge: Dodged            |    40 |     7 ||    47
